MID
BURLINGTON BEES @ KANNAPOLIS INTIMIDATORS
08/12/2045
 
TOP OF THE 1ST
Burlington Bees batting - Pitching for Kannapolis Intimidators : RHP Mike Guidroz
Pitching: RHP Mike Guidroz
Batting: SHB Butch Brown 0-0: SINGLE (Line Drive, 8RS, EV 97.5 MPH)
Batting: RHB Ryuji Ito 0-0: Ball
1-0: Ball
2-0: Called Strike
2-1: Foul Ball, location: 2F
2-2: SINGLE (Flyball, 3D, EV 93.1 MPH)
Butch Brown to second
Butch Brown to third
Batting: RHB Jonathan Ellis 0-0: Ball
1-0: Ball
2-0: Ball
3-0: Base on Balls
Ryuji Ito to second
Batting: LHB Brett Bugge 0-0: Ball
1-0: SINGLE (Line Drive, 56D, EV 98.8 MPH)
Butch Brown scores
Ryuji Ito to third
Jonathan Ellis to second
Batting: LHB Griffin Ferris 0-0: Swinging Strike
0-1: Ball
1-1: Ball
2-1: Ball
3-1: Base on Balls
Ryuji Ito scores
Jonathan Ellis to third
Brett Bugge to second
Batting: RHB Ryan Pelletier 0-0: Ball
1-0: Ball
2-0: Called Strike
2-1: SINGLE (Groundball, 4D, EV 102.5 MPH)
Jonathan Ellis scores
Brett Bugge to third
Griffin Ferris to second
Batting: LHB Barrfhionn O'Toole 0-0: Foul Ball, location: 2F
0-1: Called Strike
0-2: Foul Ball, location: 2F
0-2: Foul Ball, location: 2F
0-2: Ball
1-2: Ball
2-2: Fly out, F5 (Line Drive, 5, EV 70.6 MPH)
Lined into DP, 5-4 (Line Drive, 5, EV 63.8 MPH)
Batting: SHB Chris Ackerson 0-0: Swinging Strike
0-1: Called Strike
0-2: Ball
1-2: Ball
2-2: Ball
3-2: 3-RUN HOME RUN (Flyball, 78XD, EV 97.5 MPH), Distance : 404 ft
Batting: RHB Angel Guzman 0-0: SINGLE (Groundball, 13S, EV 72.5 MPH) (infield hit)
Pitching: RHP Alberto Castillo
Batting: SHB Butch Brown 0-0: Foul Ball, location: 2F
0-1: Ball
1-1: Ground out 4-3 (Groundball, 34, EV 105.0 MPH)
Top of the 1st over - 6 runs, 6 hits, 0 errors, 1 left on base; Burlington 6 - Kannapolis 0
BOTTOM OF THE 1ST
Kannapolis Intimidators batting - Pitching for Burlington Bees : RHP Chris DePalma
Pitching: RHP Chris DePalma
Batting: RHB Colby Macon 0-0: Ball
1-0: Called Strike
1-1: Ball
2-1: Foul Ball, location: 2F
2-2: Foul Ball, location: 2F
2-2: Foul Ball, location: 2F
2-2: Ball
3-2: Base on Balls
Batting: LHB Joe Kirkland 0-0: Called Strike
0-1: Foul Ball, location: 2F
0-2: Ball
1-2: Strikes out looking
Batting: RHB Dusty Ballard 0-0: Ball
1-0: Ball
2-0: Ball
3-0: Base on Balls
Colby Macon to second
Batting: LHB Brandon Hopper 0-0: Reached on error, E4 (Groundball, 4, EV 93.8 MPH)
Colby Macon to third
Dusty Ballard to second
Batting: RHB Edgar Franco 0-0: Called Strike
0-1: Fly out, F9 (Flyball, 9, EV 86.9 MPH)
Runner from 3rd tags up, SCORES, throw by RF
Batting: RHB Jose Medina 0-0: Called Strike
0-1: Swinging Strike
0-2: Strikes out swinging
Bottom of the 1st over - 1 run, 0 hits, 1 error, 2 left on base; Burlington 6 - Kannapolis 1
TOP OF THE 2ND
Burlington Bees batting - Pitching for Kannapolis Intimidators : RHP Alberto Castillo
Batting: RHB Ryuji Ito 0-0: Ball
1-0: Ground out 6-3 (Groundball, 6, EV 86.2 MPH)
Batting: RHB Jonathan Ellis 0-0: Ball
1-0: Swinging Strike
1-1: Ball
2-1: Swinging Strike
2-2: Strikes out looking
Batting: LHB Brett Bugge 0-0: Fly out, F6 (Popup, P, EV 71.2 MPH)
Top of the 2nd over - 0 runs, 0 hits, 0 errors, 0 left on base; Burlington 6 - Kannapolis 1
BOTTOM OF THE 2ND
Kannapolis Intimidators batting - Pitching for Burlington Bees : RHP Chris DePalma
Batting: SHB Matt Childers 0-0: Ball
1-0: Ball
2-0: Foul Ball, location: 2F
2-1: Ball
3-1: Base on Balls
Batting: RHB Tyrell Camp 0-0: SINGLE (Groundball, 6D, EV 110.6 MPH)
Matt Childers to second
Batting: SHB Jason Bresnahan 0-0: Foul Ball, location: 2F
0-1: Ball
1-1: Ball
2-1: Ball
3-1: Fielders Choice at 2nd, 6-4 (Groundball, 6, EV 103.1 MPH)
Matt Childers to third
Batting: RHB Colby Macon 0-0: Ball
1-0: Ball
Jason Bresnahan is caught stealing 2nd base 2-4
2-0: Ground out 6-3 (Groundball, 6, EV 85.0 MPH)
Bottom of the 2nd over - 0 runs, 1 hit, 0 errors, 1 left on base; Burlington 6 - Kannapolis 1
TOP OF THE 3RD
Burlington Bees batting - Pitching for Kannapolis Intimidators : RHP Alberto Castillo
Batting: LHB Griffin Ferris 0-0: Ball
1-0: Ball
2-0: Swinging Strike
2-1: Swinging Strike
2-2: Ball
3-2: Strikes out looking
Batting: RHB Ryan Pelletier 0-0: Ball
1-0: Ball
2-0: Called Strike
2-1: Ball
3-1: SINGLE (Line Drive, 6MD, EV 108.1 MPH)
Batting: LHB Barrfhionn O'Toole 0-0: Ball
1-0: Ball
2-0: Called Strike
2-1: Swinging Strike
2-2: Strikes out swinging
Batting: SHB Chris Ackerson 0-0: Called Strike
0-1: Ground out U3 (Groundball, 13, EV 88.1 MPH)
Top of the 3rd over - 0 runs, 1 hit, 0 errors, 1 left on base; Burlington 6 - Kannapolis 1
BOTTOM OF THE 3RD
Kannapolis Intimidators batting - Pitching for Burlington Bees : RHP Chris DePalma
Batting: LHB Joe Kirkland 0-0: Ball
1-0: Hit by Pitch
Batting: RHB Dusty Ballard 0-0: Called Strike
0-1: Ball
1-1: Foul Ball, location: 2F
1-2: 2-RUN HOME RUN (Flyball, 9D, EV 90.6 MPH), Distance : 351 ft
Batting: LHB Brandon Hopper 0-0: SINGLE (Groundball, 4MD, EV 101.2 MPH)
Batting: RHB Edgar Franco 0-0: Ball
1-0: Ball
2-0: Called Strike
2-1: Ball
3-1: Swinging Strike
3-2: Base on Balls
Brandon Hopper to second
Batting: RHB Jose Medina 0-0: Called Strike
0-1: SINGLE (Groundball, 6M, EV 100.6 MPH)
Brandon Hopper to third
Edgar Franco to second
Runner from 3rd tries for Home, SAFE, throw by CF to home
Batting: SHB Matt Childers 0-0: Foul Ball, location: 2F
0-1: Fielders Choice at 2nd, 4-6 (Groundball, 4, EV 86.9 MPH)
Edgar Franco to third
Batting: RHB Tyrell Camp 0-0: Foul Ball, location: 2F
0-1: Ball
1-1: Ball
2-1: Swinging Strike
2-2: Strikes out looking
Batting: SHB Jason Bresnahan 0-0: Ground out 4-3 (Groundball, 4, EV 91.2 MPH)
Bottom of the 3rd over - 3 runs, 3 hits, 0 errors, 2 left on base; Burlington 6 - Kannapolis 4
TOP OF THE 4TH
Burlington Bees batting - Pitching for Kannapolis Intimidators : RHP Alberto Castillo
Batting: RHB Angel Guzman 0-0: Called Strike
0-1: Swinging Strike
0-2: Ball
1-2: Ball
2-2: Strikes out swinging
Batting: SHB Butch Brown 0-0: Foul Ball, location: 2F
0-1: Ball
1-1: Foul Ball, location: 2F
1-2: Foul Ball, location: 2F
1-2: Ball
2-2: Ball
3-2: Fly out, F7 (Flyball, 7LM, EV 95.0 MPH)
Batting: RHB Ryuji Ito 0-0: Foul Ball, location: 2F
0-1: Ball
1-1: Foul Ball, location: 2F
1-2: Foul Ball, location: 2F
1-2: Ball
2-2: Foul Ball, location: 2F
2-2: Strikes out looking
Top of the 4th over - 0 runs, 0 hits, 0 errors, 0 left on base; Burlington 6 - Kannapolis 4
BOTTOM OF THE 4TH
Kannapolis Intimidators batting - Pitching for Burlington Bees : RHP Chris DePalma
Batting: RHB Colby Macon 0-0: Called Strike
0-1: Reached on error, E3 (Groundball, 34, EV 85.0 MPH)
Batting: LHB Joe Kirkland 0-0: Ball
1-0: Ball
Wild Pitch!
Colby Macon to second
2-0: Ball
3-0: Base on Balls
Batting: RHB Dusty Ballard 0-0: Foul Ball, location: 2F
0-1: Foul Ball, location: 2F
0-2: Ball
1-2: Fly out, F8 (Flyball, 8RXD, EV 105.0 MPH)
Runner from 2nd tags up, SAFE at 3rd, no throw by CF
Batting: LHB Brandon Hopper 0-0: Fielders Choice at 2nd, 4-6 (Groundball, 4, EV 91.9 MPH)
Colby Macon scores
Batting: RHB Edgar Franco 0-0: Ball
1-0: Ball
2-0: DOUBLE (Line Drive, 9LM, EV 106.9 MPH)
Brandon Hopper to third
Batting: RHB Jose Medina 0-0: Called Strike
0-1: Ball
1-1: Fly out, F7 (Flyball, 7D, EV 94.4 MPH)
Bottom of the 4th over - 1 run, 1 hit, 1 error, 2 left on base; Burlington 6 - Kannapolis 5
TOP OF THE 5TH
Burlington Bees batting - Pitching for Kannapolis Intimidators : RHP Alberto Castillo
Batting: RHB Jonathan Ellis 0-0: Ground out 5-3 (Groundball, 56S, EV 80.6 MPH)
Batting: LHB Brett Bugge 0-0: Ball
1-0: Ball
2-0: Called Strike
2-1: Ball
3-1: Foul Ball, location: 2F
3-2: SINGLE (Groundball, 25, EV 73.8 MPH) (infield hit)
Batting: LHB Griffin Ferris 0-0: Called Strike
0-1: Swinging Strike
0-2: Strikes out swinging
Batting: RHB Ryan Pelletier 0-0: Ball
1-0: Fielders Choice at 2nd, U6 (Groundball, 6M, EV 89.4 MPH)
Top of the 5th over - 0 runs, 1 hit, 0 errors, 1 left on base; Burlington 6 - Kannapolis 5
BOTTOM OF THE 5TH
Kannapolis Intimidators batting - Pitching for Burlington Bees : RHP Chris DePalma
Batting: SHB Matt Childers 0-0: Called Strike
0-1: Ball
1-1: Ball
2-1: Ground out 3-1 (Groundball, 34S, EV 83.1 MPH)
Batting: RHB Tyrell Camp 0-0: Called Strike
0-1: Foul Ball, location: 2F
0-2: Ball
1-2: SINGLE (Line Drive, 9S, EV 88.8 MPH)
Batting: SHB Jason Bresnahan 0-0: Ball
Wild Pitch!
Tyrell Camp to second
1-0: Foul Ball, location: 2F
1-1: Swinging Strike
1-2: Strikes out swinging
Batting: RHB Colby Macon 0-0: Swinging Strike
0-1: Foul Ball, location: 2F
0-2: Ball
1-2: Ground out 4-3 (Groundball, 4, EV 83.8 MPH)
Bottom of the 5th over - 0 runs, 1 hit, 0 errors, 1 left on base; Burlington 6 - Kannapolis 5
TOP OF THE 6TH
Burlington Bees batting - Pitching for Kannapolis Intimidators : RHP Alberto Castillo
Pitching: LHP Silas Chartier
Batting: LHB Barrfhionn O'Toole 0-0: Ball
1-0: Ball
2-0: Called Strike
2-1: Foul Ball, location: 3F, Error on foul ball, E3
2-2: Foul Ball, location: 2F
2-2: Ball
3-2: Base on Balls
Batting: SHB Chris Ackerson 0-0: Ball
1-0: Fly out, F9 (Flyball, 89D, EV 106.9 MPH)
Batting: RHB Angel Guzman 0-0: Ball
Barrfhionn O'Toole steals 2nd base
1-0: Ball
2-0: Ball
3-0: Called Strike
3-1: Base on Balls
Batting: SHB Butch Brown 0-0: Foul Ball, location: 2F
0-1: Foul Ball, location: 2F
0-2: Ball
1-2: Foul Ball, location: 2F
1-2: Foul Ball, location: 2F
1-2: Ball
2-2: Foul Ball, location: 2F
2-2: Fly out, F8 (Flyball, 89M, EV 89.4 MPH)
Batting: RHB Ryuji Ito 0-0: Fly out, F9 (Flyball, 9S, EV 88.8 MPH)
Top of the 6th over - 0 runs, 0 hits, 1 error, 2 left on base; Burlington 6 - Kannapolis 5
BOTTOM OF THE 6TH
Kannapolis Intimidators batting - Pitching for Burlington Bees : RHP Chris DePalma
Batting: LHB Joe Kirkland 0-0: Foul Ball, location: 2F
0-1: SINGLE (Line Drive, 34D, EV 98.8 MPH)
Pitching: RHP Danny Nava
Batting: RHB Dusty Ballard 0-0: Ball
1-0: Ball
Joe Kirkland steals 2nd base
2-0: Called Strike
2-1: Foul Ball, location: 2F
2-2: Reached on error, E6 (Groundball, 6, EV 103.1 MPH)
Joe Kirkland to third
Batting: LHB Brandon Hopper 0-0: Called Strike
Dusty Ballard is caught stealing 2nd base 2-6
0-1: Foul Ball, location: 2F
0-2: Ball
1-2: Ball
2-2: Foul Ball, location: 2F
2-2: Ball
3-2: Base on Balls
Batting: RHB Edgar Franco 0-0: Ball
1-0: Foul Ball, location: 2F
1-1: Ball
2-1: Ball
3-1: Called Strike
3-2: Base on Balls
Brandon Hopper to second
Batting: RHB Jose Medina 0-0: Foul Ball, location: 2F
0-1: Ball
1-1: Foul Ball, location: 2F
1-2: Ball
2-2: SINGLE (Line Drive, 4D, EV 101.9 MPH)
Joe Kirkland scores
Brandon Hopper to third
Edgar Franco to second
Batting: SHB Matt Childers 0-0: Called Strike
0-1: Ball
1-1: Called Strike
1-2: SINGLE (Groundball, 6M, EV 98.1 MPH)
Brandon Hopper scores
Edgar Franco to third
Jose Medina to second
Batting: RHB Tyrell Camp 0-0: Ball
1-0: Grounds into fielders choice 3-2 (Groundball, 34, EV 80.0 MPH)
Jose Medina to third
Matt Childers to second
Batting: SHB Jason Bresnahan 0-0: Called Strike
0-1: Ground out U3 (Groundball, 34S, EV 71.9 MPH)
Bottom of the 6th over - 2 runs, 3 hits, 1 error, 3 left on base; Burlington 6 - Kannapolis 7
TOP OF THE 7TH
Burlington Bees batting - Pitching for Kannapolis Intimidators : LHP Silas Chartier
Pitching: RHP Jose Vigil
Batting: RHB Jonathan Ellis 0-0: Swinging Strike
0-1: Called Strike
0-2: Ball
1-2: Foul Ball, location: 2F
1-2: Ball
2-2: DOUBLE (Line Drive, 7LM, EV 105.6 MPH)
Batting: LHB Brett Bugge 0-0: Fly out, F7 (Flyball, 7S, EV 90.6 MPH)
Batting: LHB Griffin Ferris 0-0: Ball
1-0: Swinging Strike
1-1: Foul Ball, location: 2F
1-2: Ball
2-2: Ball
3-2: Ground out 6-3 (Groundball, 4M, EV 101.9 MPH)
Jonathan Ellis to third
Batting: RHB Ryan Pelletier 0-0: Ball
1-0: Ball
2-0: Foul Ball, location: 2F
2-1: Swinging Strike
2-2: Foul Ball, location: 2F
2-2: Foul Ball, location: 2F
2-2: Strikes out swinging
Top of the 7th over - 0 runs, 1 hit, 0 errors, 1 left on base; Burlington 6 - Kannapolis 7
BOTTOM OF THE 7TH
Kannapolis Intimidators batting - Pitching for Burlington Bees : RHP Danny Nava
Pitching: RHP Eddie Garabito
Batting: RHB Colby Macon 0-0: Fly out, F2 (Popup, 3SF, EV 81.9 MPH)
Batting: LHB Joe Kirkland 0-0: Called Strike
0-1: Ball
1-1: Called Strike
1-2: Ground out 5-3 (Groundball, 5L, EV 88.1 MPH)
Batting: RHB Dusty Ballard 0-0: Ball
1-0: Called Strike
1-1: Foul Ball, location: 2F
1-2: Strikes out swinging
Bottom of the 7th over - 0 runs, 0 hits, 0 errors, 0 left on base; Burlington 6 - Kannapolis 7
TOP OF THE 8TH
Burlington Bees batting - Pitching for Kannapolis Intimidators : RHP Jose Vigil
Pitching: RHP Maury Compson
Batting: LHB Barrfhionn O'Toole 0-0: Ball
1-0: Called Strike
1-1: Ball
2-1: Ground out 4-3 (Groundball, 4, EV 82.5 MPH)
Batting: SHB Chris Ackerson 0-0: Ball
1-0: Swinging Strike
1-1: Swinging Strike
1-2: Strikes out swinging
Batting: RHB Angel Guzman 0-0: Called Strike
0-1: Fly out, F4 (Popup, 23, EV 85.0 MPH)
Top of the 8th over - 0 runs, 0 hits, 0 errors, 0 left on base; Burlington 6 - Kannapolis 7
BOTTOM OF THE 8TH
Kannapolis Intimidators batting - Pitching for Burlington Bees : RHP Eddie Garabito
Batting: LHB Brandon Hopper 0-0: Ball
1-0: Foul Ball, location: 2F
1-1: Ball
2-1: Ball
3-1: Base on Balls
Batting: RHB Edgar Franco 0-0: Called Strike
0-1: Foul Ball, location: 2F
0-2: Ball
1-2: SINGLE (Groundball, 6D, EV 101.2 MPH)
Brandon Hopper to second
Pitching: RHP Simon Vogel
Batting: RHB Jose Medina 0-0: Bunted foul
0-1: Bunt missed!
0-2: Foul Ball, location: 2F
0-2: Ball
1-2: Ball
2-2: Ball
3-2: Foul Ball, location: 2F
3-2: SINGLE (Line Drive, 8RS, EV 102.5 MPH)
Brandon Hopper to third
Edgar Franco to second
Batting: SHB Matt Childers 0-0: Ball
1-0: Foul Ball, location: 2F
1-1: Ball
2-1: Called Strike
2-2: Ball
3-2: Base on Balls
Brandon Hopper scores
Edgar Franco to third
Jose Medina to second
Batting: RHB Tyrell Camp 0-0: SINGLE (Line Drive, 6D, EV 105.0 MPH)
Edgar Franco scores
Jose Medina to third
Matt Childers to second
Runner from 3rd tries for Home, throw by CF and OUT! 8-2
Batting: SHB Jason Bresnahan 0-0: Fielders Choice at 2nd, 4-6 (Groundball, 4, EV 85.6 MPH)
Matt Childers to third
Batting: RHB Colby Macon 0-0: Ball
1-0: Foul Ball, location: 2F
1-1: Ball
Wild Pitch!
Matt Childers scores
Jason Bresnahan to second
2-1: Called Strike
2-2: Ball
3-2: Foul Ball, location: 2F
3-2: Base on Balls
Pitching: LHP Brandon Davis
Batting: LHB Joe Kirkland 0-0: Ball
Wild Pitch!
Jason Bresnahan to third
Colby Macon to second
1-0: Called Strike
1-1: Swinging Strike
1-2: Strikes out swinging
Bottom of the 8th over - 3 runs, 3 hits, 0 errors, 2 left on base; Burlington 6 - Kannapolis 10
TOP OF THE 9TH
Burlington Bees batting - Pitching for Kannapolis Intimidators : RHP Maury Compson
Batting: SHB Butch Brown 0-0: Ball
1-0: Ball
2-0: Called Strike
2-1: Ground out 6-3 (Groundball, 6, EV 88.1 MPH)
Batting: RHB Ryuji Ito 0-0: Called Strike
0-1: Called Strike
0-2: Strikes out swinging
Batting: RHB Jonathan Ellis 0-0: Ball
1-0: Called Strike
1-1: Foul Ball, location: 2F
1-2: Foul Ball, location: 2F
1-2: Ball
2-2: Strikes out swinging
Top of the 9th over - 0 runs, 0 hits, 0 errors, 0 left on base; Burlington 6 - Kannapolis 10
Wednesday, June 22nd , 2022 - OOTP Baseball 23.4 Build 64